 Dungeon Crawl Stone Soup version 0.23-a0-373-g305c090 (console) character file.

45 Voker57 the Ducker (level 3, -4/28 HPs)
             Began as a Demonspawn Gladiator on Oct 25, 2018.
             Slain by Crazy Yiuf
             ... wielding a +3 quarterstaff of chaos
              (9 damage)
             ... on level 2 of the Dungeon.
             The game lasted 00:01:19 (1492 turns).

Voker57 the Ducker (Demonspawn Gladiator)           Turns: 1492, Time: 00:01:20

Health: -4/28      AC:  4    Str: 14    XL:     3   Next: 42%
Magic:  3/3        EV: 13    Int:  9    God:
Gold:   112        SH:  0    Dex: 15    Spells: 2/2 levels left

rFire    . . .     SeeInvis .   a - +0 long sword
rCold    . . .     Gourm    .   (no shield)
rNeg     . . .     Faith    .   b - +0 leather armour
rPois    .         Spirit   .   c - +0 helmet
rElec    .         Reflect  .   (no cloak)
rCorr    .         Harm     .   (no gloves)
MR       .....                  (no boots)
Stlth    +.........             (no amulet)
HPRegen  0.09/turn              (no ring)
MPRegen  0.08/turn              (no ring)

@: lethally poisoned (-4 -> -13)
A: talons 1
a: no special abilities


You were on level 2 of the Dungeon.
You were not hungry.

You visited 1 branch of the dungeon, and saw 2 of its levels.

You collected 112 gold pieces.

Inventory:

Hand Weapons
 a - a +0 long sword (weapon)
Missiles
 d - 3 throwing nets (quivered)
Armour
 b - a +0 leather armour (worn)
 c - a +0 helmet (worn)
Jewellery
 l - an uncursed ring of see invisible {unknown}
Scrolls
 e - a scroll of noise
 g - 3 scrolls of identify {unknown}
 i - a scroll of remove curse {unknown}
 k - a scroll of enchant weapon {unknown}
Potions
 h - 2 potions of heal wounds {unknown}
 j - a potion of agility {unknown}
Comestibles
 f - 5 rations
 m - a chunk of flesh


   Skills:
 + Level 2.7 Fighting
 + Level 3.2 Long Blades
 - Level 1.8 Throwing
 + Level 3.2 Dodging


You had 2 spell levels left.
You didn't know any spells.
Your spell library was empty.

Dungeon Overview and Level Annotations

Branches:
Dungeon (2/15)

Altars:

Annotations:
D:2 Crazy Yiuf


Innate Abilities, Weirdness & Mutations

You have sharp toenails.


Message History

Crazy Yiuf shouts!
Found a mace.
Crazy Yiuf drinks a potion.
Crazy Yiuf goes berserk!
There is an open door here.
Crazy Yiuf hits you with a +3 quarterstaff of chaos!
Crazy Yiuf freezes you. Crazy Yiuf barely misses you.
You riposte.
You slash Crazy Yiuf is moderately wounded.
There is an open door here.
Crazy Yiuf hits you with a +3 quarterstaff of chaos!
* * * LOW HITPOINT WARNING * * *
You are lethally poisoned!
* * * LOW HITPOINT WARNING * * *
You feel sick.
As you read the scroll labeled KEEXTIF ZAHY, it crumbles to dust.
You hear a loud clanging noise!
It was a scroll of noise.
* * * LOW HITPOINT WARNING * * *
You feel sick.
Crazy Yiuf hits you with a +3 quarterstaff of chaos!
You die...

#...............#
#.####
#.#############.##
##....# ..# ##.#
#.###.# ### ### ###
#.# #.# #########
#.## ........# #####
####..# #########
#)..### ##.....#
#.......#
#...'g####.#....#
#.#######
#...##@.#......## #.#
########.#....## #.#
######## #.# #.# ###
#.# #######.##
#.##########........#
#............#####..#
#..##........# #..#
#........)...#####..#


You could see Crazy Yiuf (berserk).

Vanquished Creatures
  A worm (D:2)
  4 dart slugs
  3 giant cockroaches
  5 goblins
  3 hobgoblins
  3 jackals (D:2)
  2 bats (D:1)
  3 frilled lizards (D:1)
  4 kobolds
  6 rats
34 creatures vanquished.

Notes
Turn   | Place    | Note
-------+----------+-------------------------------------------
     0 | D:1      | Voker57 the Demonspawn Gladiator began the quest for the
                  | Orb.
     0 | D:1      | Reached XP level 1. HP: 16/16 MP: 1/1
   163 | D:1      | Gained mutation: You have sharp toenails. [demonic
                  | ancestry]
   163 | D:1      | Reached XP level 2. HP: 22/22 MP: 2/2
   859 | D:2      | Reached XP level 3. HP: 28/28 MP: 3/3
   920 | D:2      | Found a runed door.
  1486 | D:2      | Noticed Crazy Yiuf
  1492 | D:2      | Slain by Crazy Yiuf

Vault maps used:
D:1:      nzn_arrival_crosshair, palyth_stone_intersect, serial_park_tiny_pond,
          nrook_campfire, chequers_garden
D:2:      uniq_crazy_yiuf_cottage

Skill      XL: |  1  2 |
---------------+-------+-----
Long Blades    | 3 |  3.2
Dodging        | 3 |  3.2
Fighting       | |  2.7
Throwing       | |  1.8

Action                   || total
-------------------------++-------
Melee: Long sword        ||    76
       Kick              ||    18
  Use: Scroll            ||     1
 Stab: Sleeping          ||     1
  Eat: Chunk             ||     2
Armor: Leather armour    ||    20
Dodge: Dodged            ||    59
       Rpst.: Long sword ||    17

Table legend:
 A = Non-vault XP
 B = Vault XP
 C = Vault XP percentage of total XP
 D = Non-vault monster count
 E = Vault monster count
 F = Vault count percentage of total count
                 A         B        C        D         E       F
            +---------+---------+-------+---------+---------+-------
      Total |      65 |       0 |   0.0 |      34 |       0 |   0.0
            +---------+---------+-------+---------+---------+-------
        D:1 |      36 |       0 |   0.0 |      20 |       0 |   0.0
        D:2 |      29 |       0 |   0.0 |      14 |       0 |   0.0
            +---------+---------+-------+---------+---------+-------
